!Justin14p!, lawful male human Knight - --. |.... ----- --...... --- .... |...........----------..- -.......oo[%@G.h.G....- |........ ----..-----.--- ---.... |....)|.|...| |.. |....<...--.--- | --............-- ---.--........- ---|.....|....| ----..|-...| |..| -.-- ---- -- !Justin14p! the Esquire Experience level: 4 Strength: 14 Dexterity: 7 Constitution: 12 Intelligence: 8 Wisdom: 16 Charisma: 18 Health: 0(27) Energy: 24(24) Def: 6 Gold: 757 Moves: 2040 Dungeon seed: f6BJTxgImLohNVG0 Game ID: !Justin14p!_1525875466 Your Inventory: Coins $ - 757 gold pieces Weapons a - a +2 long sword (weapon in hand) b - a +1 lance Armor e - an uncursed +1 ring mail (being worn) n - an uncursed +0 helmet (being worn) q - an uncursed +0 small shield (being worn) Comestibles c - 14 uncursed apples d - 11 uncursed carrots Scrolls D - an uncursed scroll of magic mapping Potions h - an uncursed potion of healing s - a blessed potion of fruit juice E - an uncursed potion of confusion Wands m - a wand of death (0:4) Tools p - an expensive camera (0:36) u - an uncursed mirror F - an uncursed tin whistle Gems y - an uncursed worthless piece of white glass Spells and supernatural/magical abilities: Name Level Category Fail Memory k - knock 1 matter 100% 94% W - pray for help -- divine ? -- X - turn undead -- divine ? -- Y - supernatural jump -- ability ? -- Your skills at the end: Fighting Skills riding [Basic] Weapon Skills long sword [Basic] lance [Basic] Spellcasting Skills Final Attributes: You were piously aligned. You could jump. You are dead. Vanquished creatures: 2 shriekers 4 hill orcs a monkey 3 acid blobs a hobgoblin a giant rat a yellow mold a green mold 2 gnomes a gnome zombie 3 geckos 4 jackals a kobold 2 goblins 5 grid bugs a bat 2 lichens 6 newts 41 creatures vanquished. Voluntary challenges: You followed a strict vegan diet. You used a wielded weapon 48 times, starting on turn 133. You read items or engraved 9 times, starting on turn 692. You never genocided any monsters. You never polymorphed an object. You never changed form. You used no wishes. You never split a pudding. You wrote Elbereth's name 1 time, starting on turn 2038. You violated your moral code, losing 1 point of alignment, starting on turn 2032. Dungeon overview: The Dungeons of Doom: levels 1 to 4 Level 1 some fountains a long staircase Level 2 a scroll shop, an altar to Lugh, a fountain Level 3 Level 4 stairs to The Gnomish Mines The Gnomish Mines: Level 5 <- You were here stairs to The Dungeons of Doom History has recorded: On T:1 you entered the Dungeons of Doom to retrieve the Amulet of Yendor! On T:363 you reached level 2 of The Dungeons of Doom. On T:679 you advanced to experience level 2. On T:776 you reached level 3 of The Dungeons of Doom. On T:884 you advanced to experience level 3. On T:1477 you reached level 4 of The Dungeons of Doom. On T:1478 you advanced to experience level 4. Score breakdown: Gold: 757 ( 9795 points) Experience: 4 levels ( 9649 points) Exploration: 5 levels ( 9.80%) ( 8485 points) Discoveries: 10 items ( 4.07%) ( 6048 points) Valuables value: (no points given unless you survive) Artifact value: 0 ( 0 points) Variety of kills: 18 monsters ( 4.72%) ( 6520 points) Turncount: 2040 turns ( -30 points) Survival: died (score multiplied by 80%) Total score: 32373 Latest messages: The hill orc hits! The hill orc zaps a short wand! The wand hits the hill orc! The hill orc is killed! The wand hits you! You hear the wailing of the Banshee... You write in the dust with your fingers. The hill orc picks up an orcish helm. The hill orc puts on an orcish helm. The hill orc zaps a wand of striking! The wand hits the hill orc! The wand misses you. You begin praying to Lugh. The gnome turns to flee! The hill orc turns to flee! The hill orc picks up an orcish helm. The hill orc zaps a wand of striking! The wand hits the hill orc! The hill orc is killed! The wand hits you! You die... Final status: Fare thee well !Justin14p! the Knight, killed by a wand, while praying... You died in The Gnomish Mines on dungeon level 5 with 32373 points, and 757 pieces of gold, after 2040 moves. You were level 4 with a maximum of 27 hit points when you died.